 Dungeon Crawl Stone Soup version 0.21.1-1-g345015f (webtiles) character file.

31063 vatarom the Schismatic (level 13, -2/101 HPs)
             Began as a Demonspawn Abyssal Knight on May 3, 2018.
             Was an Elder of Lugonu.
             Slain by a sun demon (16 damage)
             ... on level 6 of the Lair of Beasts.
             The game lasted 00:36:57 (14883 turns).

vatarom the Schismatic (Demonspawn Abyssal Knight) Turns: 14883, Time: 00:36:57

Health: -2/101     AC: 21    Str: 19    XL:     13   Next: 23%
Magic:  23/23      EV: 13    Int: 14    God:    Lugonu [****..]
Gold:   710        SH:  0    Dex: 18    Spells: 12/12 levels left

rFire    . . .     SeeInvis .   n - +3 whip (elec)
rCold    + . .     Gourm    .   (no shield)
rNeg     . . .     Faith    .   N - +0 chain mail of the Merchant {rC+ Regen+ Slay+2}
rPois    .         Spirit   .   k - +1 helmet
rElec    .         Reflect  .   (no cloak)
rCorr    .         Harm     .   t - +0 pair of gloves
MR       .....                  (boots unavailable)
Stlth    ..........             (no amulet)
HPRegen  0.66/turn              f - +5 ring of strength
MPRegen  0.18/turn              z - +5 ring of protection

@: no status effects
A: hooves 3, yellow scales 1, agile 1, nightstalker 2, spiny 2
a: Depart the Abyss, Bend Space, Banish, Corrupt, Renounce Religion


You were on level 6 of the Lair of Beasts.
You worshipped Lugonu.
Lugonu was greatly pleased with you.
You were full.

You visited 3 branches of the dungeon, and saw 17 of its levels.
You visited the Abyss 1 time.
You also visited: Ossuary.

You collected 874 gold pieces.
You spent 164 gold pieces at shops.

Inventory:

Hand Weapons
 a - a +1 falchion
 n - a +3 whip of electrocution (weapon)
 H - the +7 great mace "Undeadhunter" {disrupt, rN+}
   (You found it on level 6 of the Dungeon)

   It protects you from negative energy.
Armour
 d - a +1 buckler of reflection
 k - a +1 helmet (worn)
 t - a +0 pair of gloves (worn)
 N - the +0 chain mail of the Merchant (worn) {rC+ Regen+ Slay+2}
   (You found it on level 9 of the Dungeon)

   It affects your accuracy and damage with ranged weapons and melee attacks
   (+2).
   It protects you from cold.
   It increases your rate of regeneration.
Jewellery
 f - a +5 ring of strength (left hand)
 m - an uncursed ring of protection from fire
 y - a +4 ring of intelligence
 z - a +5 ring of protection (right hand)
 B - an uncursed ring of fire
 G - a +3 ring of protection
 J - an uncursed ring of protection from fire
 O - an uncursed ring of magical power {unknown}
Wands
 g - a wand of polymorph (43)
 l - a wand of disintegration (20)
 o - a wand of flame (45)
 s - a wand of paralysis (5)
 x - a wand of random effects (25)
Scrolls
 b - 2 scrolls of enchant armour
 h - a scroll of fog
 i - 5 scrolls of enchant weapon
 j - 9 scrolls of teleportation
 p - 4 scrolls of amnesia
 r - 4 scrolls of remove curse
 v - a scroll of immolation
 A - 3 scrolls of magic mapping
 S - a scroll of silence
Potions
 q - a potion of might {unknown}
 u - a potion of cancellation {unknown}
 w - 2 potions of curing
 C - 3 potions of haste
 D - 3 potions of lignification
 E - 2 potions of agility
 F - 4 potions of degeneration {unknown}
 I - 3 potions of flight
 K - a potion of invisibility {unknown}
 L - a potion of magic {unknown}
 M - 4 potions of ambrosia {unknown}
Books
 e - a book of Misfortune

   Spells                             Type                      Level
   a - Confusing Touch                Hexes                        1
   b - Confuse                        Hexes                        3
   c - Gell's Gravitas                Translocation                3
   d - Petrify                        Transmutation/Earth          4
   e - Metabolic Englaciation         Hexes/Ice                    5
   f - Yara's Violent Unravelling     Hexes/Transmutation          5
Miscellaneous
 P - a sack of spiders
Comestibles
 c - 17 rations


   Skills:
 + Level 9.0 Fighting
 - Level 6.2 Long Blades
 * Level 10.3 Maces & Flails
 - Level 7.4 Armour
 - Level 8.7 Dodging
 * Level 4.6 Shields
 + Level 13.4 Invocations


You had 12 spell levels left.
You didn't know any spells.

Dungeon Overview and Level Annotations

Branches:
Dungeon (10/15)            Temple (1/1) D:5            Lair (6/6) D:10
 Shoals (0/4) Lair:4        Snake (0/4) Lair:2        Slime (0/5) Lair:5
    Orc (0/2) D:9

Altars:
Ashenzari
Cheibriados
Dithmenos
Elyvilon
Fedhas
Gozag
Hepliaklqana
Kikubaaqudgha
Makhleb
Nemelex Xobeh
Okawaru
Qazlal
Ru
Sif Muna
Trog
Uskayaw
Vehumet
Wu Jian
Xom
Yredelemnul
Zin
The Shining One

Shops:
D:5 %   D:6 !

Annotations:
Lair:5 exclusion: 2 oklob plants
Abyss:1 Joseph, Urug


Innate Abilities, Weirdness & Mutations

You have hooves in place of feet.
You are partially covered in yellow scales. (AC +2)
You are significantly more attuned to the shadows.
You are mostly covered in sharp spines.
You are agile. (Dex +2)


Message History

You kick the sun demon, but do no damage.
The sun demon is severely wounded.
The sun demon closely misses you.
You feel better.
The sun demon hits you but does no damage.
You hit the sun demon but do no damage.
The sun demon is severely wounded.
The sun demon hits you but does no damage.
Your chain mail of the Merchant prevents you from hitting the sun demon.
Your kick misses the sun demon.
The sun demon is severely wounded.
The sun demon hits you!
You are engulfed in flames!
You hit the sun demon but do no damage. Your kick misses the sun demon.
The sun demon is severely wounded.
You feel better. The sun demon hits you!
You are engulfed in flames!
* * * LOW HITPOINT WARNING * * *
The sun demon is struck by your spines. The sun demon hits you!
* * * LOW HITPOINT WARNING * * *
You are engulfed in flames!
You die...

## §§≈ §§≈#############
§.....#........# ♣
......#..8.8...# ♣♣
._.4..')..#.8..# ♣.
......#..#.8...# ♣.
......#3..8.#..# ♣♣
###############@.8.#...# ♣
#.............'†..8.8..#
#....8....8.†.#........#♣
#.............#########'♣♣♣♣♣
#######''###### ♣♣♣P♣♣.♣♣
♣.....♣ ♣♣♣.......♣♣ ♣♣...♣♣
♣♣♣....♣♣♣†..♣♣ ♣♣..♣♣♣
♣♣...♣♣♣♣ ♣♣♣♣..
♣♣♣†.♣♣♣♣♣...♣♣ ♣♣♣


You could see a sun demon.

Vanquished Creatures
  A hydra (Lair:6)
  Nergalle (Lair:1)
  A wizard (Lair:6)
  13 elephants
  4 black mambas
  A guardian serpent (Lair:2)
  2 orange demons (Lair:6)
  5 spiny frogs
  6 rime drakes
  2 ice devils (Lair:6)
  5 komodo dragons
  A troll (D:9)
  A polar bear (Lair:5)
  Grinder (D:3)
  A hornet (D:9)
  10 blink frogs
  Prince Ribbit (D:8)
  4 dream sheep (Lair:6)
  2 hippogriffs
  A wraith (D:10)
  3 basilisks
  12 yaks
  A steam dragon (D:10)
  10 water moccasins
  8 porcupines
  3 hell hounds (Lair:6)
  4 ice beasts
  5 sky beasts
  A black bear (D:7)
  2 orc warriors
  An eye of draining (D:9)
  2 ogres (D:7)
  4 centaurs
  4 wolves (Lair:4)
  11 crocodiles
  2 big kobolds
  8 bullfrogs
  A wyvern skeleton (D:9)
  3 scorpions
  7 wights
  7 killer bees (D:8)
  5 howler monkeys
  An electric eel (Lair:3)
  3 crimson imps
  2 orc priests
  3 jellies
  A quasit (D:7)
  4 hounds
  13 orc wizards
  2 human zombies (Ossuary)
  Ijyb (D:3)
  4 iguanas
  6 worker ants
  2 killer bee zombies
  2 hound zombies
  A hound skeleton (D:4)
  4 mummies (Ossuary)
  12 adders
  A shadow imp (D:6)
  An ooze (D:6)
  An adder skeleton (D:5)
  5 worms
  A dart slug (D:1)
  3 leopard geckos
  22 orcs
  4 giant cockroaches
  10 goblins
  6 hobgoblins
  3 jackals (D:6)
  12 kobolds
  2 quokkas (D:6)
  3 bats
  2 frilled lizards (D:2)
  2 gnoll zombies (Ossuary)
  A goblin zombie (Ossuary)
  2 hobgoblin zombies (Ossuary)
  A leopard gecko zombie (D:6)
  2 orc zombies (Ossuary)
  5 rats
  2 rat zombies (Ossuary)
319 creatures vanquished.

Vanquished Creatures (collateral kills)
  A plant (Lair:5)
1 creature vanquished.

Vanquished Creatures (others)
  5 hydras
  2 two-headed ogres
  3 komodo dragons
  A queen bee (D:8)
  A snapping turtle (Lair:4)
  An ogre (D:8)
  A crocodile (Lair:3)
  2 killer bees (D:8)
  9 fungi (Lair:6)
  10 plants
35 creatures vanquished.

Grand Total: 355 creatures vanquished

Notes
Turn   | Place    | Note
-------+----------+-------------------------------------------
     0 | Abyss:1  | vatarom the Demonspawn Abyssal Knight began the quest for the Orb.
     0 | Abyss:1  | Reached XP level 1. HP: 18/18 MP: 2/2
    27 | D:1      | Escaped the Abyss
    58 | D:1      | Reached skill level 1 in Dodging
   244 | D:1      | Gained mutation: You are partially covered in sharp spines. [demonic ancestry]
   244 | D:1      | Reached XP level 2. HP: 18/24 MP: 4/4
   681 | D:1      | Reached skill level 3 in Invocations
   722 | D:1      | Reached ** piety under Lugonu
   963 | D:2      | Reached XP level 3. HP: 24/29 MP: 5/5
  1513 | D:3      | Gained mutation: You are slightly more attuned to the shadows. [demonic ancestry]
  1513 | D:3      | Reached XP level 4. HP: 34/35 MP: 6/6
  1748 | D:3      | Noticed Ijyb
  1756 | D:3      | Paralysed by Ijyb for 4 turns
  1760 | D:3      | Killed Ijyb
  1876 | D:3      | Noticed Grinder
  1885 | D:3      | Killed Grinder
  1885 | D:3      | Reached skill level 4 in Invocations
  1885 | D:3      | Reached XP level 5. HP: 29/41 MP: 6/8
  1885 | D:3      | Reached XP level 6. HP: 34/47 MP: 6/9
  2525 | D:4      | Reached skill level 5 in Invocations
  3515 | D:5      | Entered Level 5 of the Dungeon
  3515 | D:5      | Found Gawkidec's Food Shop.
  3518 | D:5      | Bought a ration for 60 gold pieces
  3588 | D:5      | Reached *** piety under Lugonu
  3604 | D:5      | Found an iron altar of Okawaru.
  3660 | D:5      | Reached skill level 5 in Long Blades
  3667 | D:5      | Gained mutation: You are mostly covered in sharp spines. [demonic ancestry]
  3667 | D:5      | Reached XP level 7. HP: 17/52 MP: 9/11
  3749 | D:5      | Found a sand-covered staircase.
  3758 | Ossuary  | Entered an ossuary
  4337 | D:5      | Found a staircase to the Ecumenical Temple.
  4346 | Temple   | Entered the Ecumenical Temple
  4762 | D:5      | Found a snail-covered altar of Cheibriados.
  5193 | D:5      | Reached skill level 6 in Invocations
  5207 | D:5      | Found a glowing silver altar of Zin.
  5343 | D:6      | Found a white marble altar of Elyvilon.
  5549 | D:6      | Found a basalt altar of Yredelemnul.
  5726 | D:6      | Found Runkygry's Distillery.
  5732 | D:6      | Bought a potion of heal wounds for 65 gold pieces
  5732 | D:6      | Bought a potion of lignification for 39 gold pieces
  5742 | D:6      | Gained mutation: You have large cloven feet. [demonic ancestry]
  5742 | D:6      | Reached XP level 8. HP: 58/58 MP: 12/12
  5776 | D:6      | Found the +7 great mace "Undeadhunter" {disrupt, rN+}
  5794 | D:6      | Reached skill level 1 in Maces & Flails
  5829 | D:6      | Reached **** piety under Lugonu
  5881 | D:6      | Found an iron altar of Okawaru.
  6217 | D:7      | Reached skill level 7 in Invocations
  6300 | D:7      | Got a polished spear
  6301 | D:7      | Identified the +5 spear of Megalomania {pierce, *Contam rN++} (You found it on level 7 of the Dungeon)
  6343 | D:7      | Gained mutation: You are agile. (Dex +2) [mutagenic glow]
  6421 | D:7      | Found an opulent altar of Gozag.
  6447 | D:7      | Reached skill level 5 in Dodging
  6473 | D:7      | Noticed Joseph
  6479 | D:7      | Banished Joseph
  6508 | D:7      | Reached skill level 8 in Invocations
  6508 | D:7      | Gained mutation: You are significantly more attuned to the shadows. [demonic ancestry]
  6508 | D:7      | Reached XP level 9. HP: 50/63 MP: 9/15
  6641 | D:7      | Found a glowing golden altar of the Shining One.
  6641 | D:7      | Found a sparkling altar of Nemelex Xobeh.
  6822 | D:7      | You fall through a shaft for 2 floors!
  6857 | D:9      | Paralysed by a hornet for 2 turns
  6866 | D:9      | Reached skill level 5 in Maces & Flails
  6900 | D:9      | Noticed a two-headed ogre
  6903 | D:9      | Banished a two-headed ogre
  7094 | D:8      | Reached skill level 9 in Invocations
  7373 | D:8      | Noticed Prince Ribbit
  7438 | D:8      | Killed Prince Ribbit
  7584 | D:8      | Noticed a two-headed ogre
  7585 | D:8      | Banished a two-headed ogre
  7585 | D:8      | Gained mutation: You have hoof-like feet. [demonic ancestry]
  7585 | D:8      | Reached XP level 10. HP: 71/71 MP: 17/17
  8569 | D:9      | Found a staircase to the Orcish Mines.
  8577 | D:9      | Got a smoking ring mail
  8589 | D:9      | Identified the +4 ring mail of Curiosity {rElec} (You found it on level 9 of the Dungeon)
  8669 | D:9      | Reached skill level 10 in Invocations
  8753 | D:9      | Got an amber-encrusted chain mail
  8764 | D:9      | Identified the cursed +0 chain mail of the Merchant {rC+ Regen+ Slay+2} (You found it on level 9 of the Dungeon)
  9033 | D:9      | Found a deep blue altar of Sif Muna.
  9034 | D:9      | Found a shadowy altar of Dithmenos.
  9106 | D:9      | Reached skill level 5 in Fighting
  9106 | D:9      | Reached skill level 5 in Armour
  9151 | D:9      | Found a shattered altar of Ashenzari.
  9196 | D:10     | Entered Level 10 of the Dungeon
  9237 | D:10     | Noticed a death knight
  9705 | D:10     | Found a staircase to the Lair.
  9716 | Lair:1   | Entered Level 1 of the Lair of Beasts
  9803 | Lair:1   | Noticed a spiny frog
  9806 | Lair:1   | Killed a spiny frog
  9928 | Lair:1   | Noticed Nergalle
  9943 | Lair:1   | Killed Nergalle
  9943 | Lair:1   | Gained mutation: You are partially covered in yellow scales. (AC +2) [demonic ancestry]
  9943 | Lair:1   | Reached XP level 11. HP: 73/81 MP: 19/19
  9975 | Lair:1   | Noticed a four-headed hydra
  9976 | Lair:1   | Banished a four-headed hydra
 10019 | Lair:1   | Reached skill level 11 in Invocations
 11058 | Lair:2   | Found a staircase to the Snake Pit.
 11690 | Lair:3   | Noticed a five-headed hydra
 11693 | Lair:3   | Banished a five-headed hydra
 11724 | Lair:3   | Noticed a six-headed hydra
 11726 | Lair:3   | Banished a six-headed hydra
 12073 | Lair:3   | Found a labyrinth entrance.
 12081 | Lair:3   | Noticed Urug
 12091 | Lair:3   | Banished Urug
 12098 | Lair:3   | Reached skill level 12 in Invocations
 12310 | Lair:4   | Found a burning altar of Makhleb.
 12362 | Lair:4   | Reached XP level 12. HP: 77/91 MP: 21/21
 12580 | Lair:4   | Found a staircase to the Shoals.
 12845 | Lair:4   | Noticed a seven-headed hydra
 12847 | Lair:4   | Banished a seven-headed hydra
 13476 | Lair:5   | Found a staircase to the Slime Pits.
 13643 | Lair:5   | Reached skill level 1 in Shields
 14101 | Lair:6   | Entered Level 6 of the Lair of Beasts
 14182 | Lair:6   | Reached skill level 13 in Invocations
 14317 | Lair:6   | Noticed a seven-headed hydra
 14322 | Lair:6   | Banished a seven-headed hydra
 14411 | Lair:6   | Noticed a five-headed hydra
 14423 | Lair:6   | Killed a five-headed hydra
 14423 | Lair:6   | Gained mutation: You have hooves in place of feet. [demonic ancestry]
 14423 | Lair:6   | Reached XP level 13. HP: 45/99 MP: 22/22
 14427 | Lair:6   | Reached skill level 10 in Maces & Flails
 14710 | Lair:6   | Found a burning altar of Makhleb.
 14883 | Lair:6   | Slain by a sun demon

Skill      XL: |  1  2  3  4  5  6  7  8  9 10 11 12 13 |
---------------+----------------------------------------+-----
Dodging        | 1 2 3 4 5 6 7 8 |  8.7
Long Blades    | 2 3 4 5 6 |  6.2
Invocations    | 3 4 5 6 8 9 10 12 13 | 13.4
Maces & Flails | 4 6 7 8 9 10 | 10.3
Armour         | 3 6 7 |  7.4
Fighting       | 4 5 7 8 9 |  9.0
Shields        | 3 4 |  4.6

Action                   |  1- 3 |  4- 6 |  7- 9 | 10-12 | 13-15 || total
-------------------------+-------+-------+-------+-------+-------++-------
Melee: Falchion          |    69 |       |       |       |       ||    69
       Whip              |     7 |    80 |   249 |   302 |    88 ||   726
       Kick              |       |       |    40 |   182 |    44 ||   266
       Great mace        |       |       |     1 |   177 |       ||   178
Invok: Banish            |       |       |     4 |    20 |       ||    24
       Bend Space        |       |       |       |     1 |       ||     1
Evoke: Wand              |     1 |     5 |    14 |    16 |       ||    36
       Sack of spiders   |       |       |       |     3 |       ||     3
  Use: Scroll            |       |     3 |     9 |    18 |       ||    30
       Potion            |       |       |     4 |     4 |     3 ||    11
 Stab: Sleeping          |     1 |     2 |     8 |       |       ||    11
  Eat: Chunk             |     2 |     3 |     7 |     8 |       ||    20
       Ration            |       |     1 |     2 |     8 |       ||    11
Armor: Leather armour    |    19 |    17 |    80 |       |       ||   116
       Chain mail        |       |       |    14 |   250 |    38 ||   302
       Skin              |       |       |       |    15 |       ||    15
       Ring mail         |       |       |       |     5 |       ||     5
Dodge: Dodged            |    44 |    56 |   142 |   251 |    39 ||   532
       Rpst.: Falchion   |    17 |       |       |       |       ||    17
